Map: Nightshade LE

Players

Maru

  • Race: Terran Terran
  • Spawn Location: 5:00

Rogue - Winner!

  • Race: Zerg Zerg
  • Spawn Location: 11:00

Event: IEM Katowice 2020

VOD

Have the link to the VOD?

Description

Time

  • Played on: March 1, 2020, 5:33 a.m.
  • Length: 10:49

All games in this series

Show
View Real Time Build Order
Export as new Build Order

Maru Terran 

Build Orders: Reaper Expand, Hellion Banshee 

Get SALT Encoding   

  12  0:00  SCV  
  13  0:12  SCV  
  14  0:16  Supply Depot  
  14  0:24  SCV  
  15  0:38  SCV  
  15  0:40  Barracks  
  16  0:43  Refinery  
  16  0:50  SCV  
  17  1:02  SCV  
  18  1:14  SCV  
  19  1:27  Orbital Command, Reaper  
  20  1:39  Command Center  
  20  1:52  Supply Depot  
  20  1:53  SCV  
  21  1:58  Marine  
  22  2:05  SCV  
  22  2:07  Factory  
  23  2:14  Refinery  
  23  2:17  SCV  
  23  2:20  Barracks Reactor  
  24  2:29  SCV  
  25  2:41  SCV  
  26  2:52  Starport, Orbital Command  
  26  2:53  SCV  
  27  3:03  Marine  
  27  3:04  Hellion x2  
  32  3:06  SCV  
  32  3:11  Supply Depot  
  33  3:18  SCV  
  33  3:19  SCV  
  35  3:23  Barracks Tech Lab  
  35  3:26  Hellion x2  
  39  3:30  SCV, Starport Tech Lab  
  39  3:31  SCV  
  41  3:42  SCV  
  41  3:43  SCV  
  41  3:47  Cloaking Field, Supply Depot  
  43  3:48  Banshee  
  43  3:54  SCV  
  43  3:55  SCV  
  48  4:05  Command Center  
  48  4:09  Hellion  
  50  4:10  Hellion  
  50  4:12  SCV  
  50  4:13  SCV  
  50  4:15  Stimpack  
  54  4:19  Marine  
  55  4:25  SCV x2, Supply Depot  
  57  4:31  Banshee  
  57  4:38  SCV  
  61  4:39  SCV  
  61  4:43  Barracks x2  
  62  4:47  Factory Reactor  
  62  4:49  Marine  
  62  4:50  SCV  
  62  4:51  SCV  
  65  4:53  Refinery  
  65  5:01  Engineering Bay x2  
  65  5:02  SCV  
  65  5:03  SCV  
  65  5:06  Marine  
  69  5:14  SCV  
  69  5:16  SCV  
  69  5:17  Orbital Command  
  69  5:20  Starport Reactor  
  69  5:21  Refinery  
  70  5:24  Marine, Supply Depot  
  70  5:26  SCV  
  70  5:28  SCV  
  73  5:29  Terran Infantry Weapons Level 1, Terran Infantry Armor Level 1  
  73  5:31  Marine x2  
  75  5:36  Orbital Command  
  75  5:38  SCV, Siege Tank  
  75  5:41  SCV  
  75  5:42  Marine, Supply Depot  
  81  5:49  Marine x2  
  83  5:57  SCV x2  
  85  5:59  Supply Depot, Barracks  
  85  6:00  Barracks  
  85  6:02  Medivac  
  85  6:04  Medivac  
  85  6:07  Marine x2  
  85  6:08  Marine  
  90  6:12  SCV  
  90  6:13  SCV  
  92  6:20  Marine x2  
  92  6:21  SCV  
  92  6:24  Siege Tank  
  96  6:30  SCV  
  96  6:31  SCV, Marine  
  96  6:32  Marine x2  
  92  6:33  SCV  
  92  6:36  Medivac x2  
  92  6:37  Combat Shield  
  92  6:38  Marine  
  98  6:43  SCV x2  
  100  6:47  Supply Depot x2, Barracks Reactor x2  
  100  6:48  SCV  
  101  6:55  SCV x2  
  101  6:57  Siege Tank  
  101  6:58  Supply Depot  
  101  7:01  SCV  
  107  7:07  SCV x2, Barracks  
  109  7:08  Barracks  
  109  7:10  Armory  
  109  7:13  Refinery  
  109  7:14  Marine x5, Supply Depot  
  114  7:25  SCV x2  
  114  7:26  Engineering Bay  
  109  7:30  Marine x3  
  109  7:31  Marine  
  109  7:32  Marine x2  
  109  7:35  Orbital Command  
  114  7:37  SCV, Marine x2  
  114  7:44  Marine  
  111  7:46  Armory  
  111  7:47  Marine  
  111  7:48  Marine x2  
  96  7:52  Marine x3  
  96  7:53  Bunker x2  
  96  7:55  Marine x2  
  96  7:56  Siege Tank  
  104  8:01  Marine  
  104  8:02  Medivac  
  104  8:05  Marine x2  
  103  8:09  Supply Depot  
  105  8:16  Orbital Command  
  105  8:21  Supply Depot  
  105  8:22  Supply Depot  
  105  8:25  Medivac  
  105  8:26  Marine x4  
  105  8:27  Marine x2  
  110  8:30  Supply Depot  
  110  8:32  Medivac  
  115  8:35  Marine x3  
  118  8:42  Missile Turret  
  118  8:44  Marine x2  
  119  8:51  Marine x4  
  123  8:59  SCV x2  
  125  9:02  Orbital Command  
  125  9:04  Siege Tank  
  125  9:05  Marauder  
  130  9:11  SCV x2  
  132  9:23  SCV  
  133  9:26  SCV  
  133  9:31  Marine, Supply Depot x2, Marauder  
  134  9:32  Marine  
  134  9:35  SCV  
  134  9:36  Siege Tank  
  134  9:38  SCV  
  143  9:42  Supply Depot  
  137  9:53  Marine  
  137  9:54  SCV x2, Marauder  
  137  9:58  Marine  
  135  10:00  Marine x2  
  124  10:07  Marine x4  
  124  10:11  Marine, Siege Tank  
  129  10:15  Marine, Marauder  
  129  10:18  Marine x2  
  123  10:25  Marine  
  123  10:26  Marine  
  123  10:27  Marine  
  103  10:29  Marine x2  
Show
View Real Time Build Order
Export as new Build Order

Rogue Zerg - Winner!

Build Orders: Hatch First 

Get SALT Encoding   

  12  0:00  Drone  
  13  0:12  Overlord  
  13  0:17  Drone  
  14  0:31  Drone x2  
  16  0:49  Hatchery  
  15  0:50  Drone  
  15  0:54  Drone  
  17  0:58  Drone  
  18  1:08  Extractor  
  17  1:12  Spawning Pool  
  17  1:15  Drone  
  17  1:19  Drone  
  18  1:29  Drone  
  19  1:40  Drone  
  20  1:50  Drone  
  21  2:00  Queen  
  21  2:01  Zergling x4, Queen  
  27  2:11  Overlord  
  27  2:13  Drone  
  28  2:21  Hatchery  
  27  2:25  Drone  
  28  2:30  Drone  
  28  2:32  Metabolic Boost  
  28  2:36  Drone  
  28  2:37  Drone  
  31  2:44  Drone x2  
  31  2:48  Queen  
  34  2:53  Overlord  
  34  2:56  Drone  
  35  3:12  Drone x5  
  40  3:18  Queen, Overlord  
  42  3:20  Drone  
  43  3:34  Queen, Overlord  
  43  3:37  Drone x2  
  43  3:38  Drone  
  43  3:41  Drone  
  49  3:43  Zergling x6  
  52  3:49  Overlord  
  52  3:53  Queen, Drone  
  55  3:59  Drone x5  
  60  4:05  Zergling x2  
  60  4:07  Drone x2  
  63  4:13  Roach Warren  
  62  4:18  Overlord  
  62  4:20  Drone x2  
  64  4:24  Spore Crawler  
  64  4:26  Spore Crawler  
  64  4:27  Drone x2  
  64  4:28  Drone x3  
  64  4:30  Drone  
  68  4:32  Lair  
  68  4:34  Extractor  
  68  4:36  Drone x3  
  70  4:39  Drone x2  
  70  4:43  Extractor  
  70  4:45  Zergling x4  
  73  4:46  Extractor, Overlord  
  73  4:47  Drone  
  73  4:52  Evolution Chamber  
  72  4:53  Evolution Chamber  
  72  4:55  Drone x3  
  74  5:00  Spore Crawler  
  74  5:02  Drone  
  74  5:03  Drone x4  
  74  5:04  Drone x2  
  80  5:07  Drone x2  
  82  5:14  Overlord  
  82  5:15  Drone x2  
  82  5:16  Drone x2  
  82  5:18  Extractor x2  
  82  5:20  Zerg Missile Weapons Level 1  
  84  5:25  Zerg Ground Armor Level 1  
  84  5:30  Glial Reconstitution, Overseer  
  84  5:31  Overlord  
  84  5:32  Drone  
  85  5:37  Drone x2  
  85  5:38  Drone  
  85  5:42  Overlord  
  87  5:54  Overlord  
  87  5:55  Drone x3  
  86  5:58  Overlord x2  
  86  6:03  Roach  
  86  6:04  Roach x4  
  94  6:13  Roach x5  
  94  6:18  Overlord  
  102  6:25  Roach  
  102  6:26  Roach x4  
  102  6:30  Roach  
  108  6:38  Roach x6  
  120  6:41  Roach x2  
  120  6:42  Roach  
  126  6:49  Overlord  
  126  6:50  Overlord  
  126  6:52  Nydus Network, Ravager x5, Overseer  
  130  6:57  Roach x2  
  134  7:04  Overlord  
  134  7:06  Overlord  
  134  7:12  Roach x7  
  134  7:14  Overlord x2  
  148  7:22  Overlord x2  
  147  7:25  Roach  
  147  7:26  Roach  
  144  7:31  Roach, Nydus Canal  
  144  7:32  Roach x2  
  144  7:35  Roach  
  152  7:39  Roach  
  152  7:40  Roach x4  
  146  7:46  Roach x2  
  146  7:48  Roach  
  148  7:54  Roach  
  148  7:56  Queen  
  148  7:58  Roach x2  
  148  8:02  Roach x2  
  148  8:13  Drone x2  
  150  8:26  Ravager x2  
  152  8:27  Ravager  
  152  8:29  Pneumatized Carapace  
  153  8:35  Hatchery  
  153  8:36  Roach  
  153  8:37  Roach x7  
  166  8:50  Roach  
  166  8:51  Roach x7  
  166  8:54  Overlord  
  182  8:56  Overlord  
  182  9:03  Overlord  
  182  9:05  Overseer  
  182  9:09  Overlord  
  182  9:12  Hatchery  
  182  9:15  Overlord  
  181  9:21  Roach x7  
  181  9:23  Ravager  
  196  9:27  Ravager x4  
  200  9:44  Roach x3  
  200  9:52  Roach  
  187  10:02  Roach x8  
  187  10:03  Roach  
  187  10:05  Nydus Canal  
  194  10:09  Roach  
  194  10:10  Roach  
  198  10:14  Evolution Chamber  
  198  10:15  Evolution Chamber  
  198  10:19  Roach x2  
  197  10:24  Roach x4  
  197  10:48  Hatchery  

Tags
 
Add a new tag
Caveats
  • Supply blocks, unpowered buildings, or Contaminate may cause inaccurate times.
  • Supply counts are checked every 10 seconds.